Map: Deathaura LE

Players

goblin

  • Race: Protoss Protoss
  • League: Master
  • Spawn Location: 11:00

ArT - Winner!

  • Race: Protoss Protoss
  • Spawn Location: 5:00

Event: DreamHack SC2 Masters 2020 Summer Europe

VOD

Have the link to the VOD?

Description

Time

  • Played on: July 3, 2020, 11:20 a.m.
  • Length: 4:55

All games in this series

Show
View Real Time Build Order
Export as new Build Order

goblin Protoss 

Build Orders: Phoenix Opening 

Get SALT Encoding   

  12  0:00  Probe  
  13  0:12  Probe  
  14  0:18  Pylon  
  14  0:23  Probe  
  15  0:32  Probe  
  15  0:37  Gateway  
  15  0:40  Probe  
  16  0:46  Assimilator  
  17  0:52  Probe  
  17  0:55  Assimilator  
  18  1:01  Probe  
  18  1:08  Gateway  
  18  1:09  Probe  
  20  1:19  Probe  
  20  1:24  Cybernetics Core  
  21  1:31  Probe  
  22  1:38  Pylon  
  22  1:43  Probe  
  23  2:01  Stargate  
  23  2:04  Stalker  
  23  2:05  Stalker  
  27  2:15  Warp Gate  
  27  2:17  Pylon  
  27  2:18  Probe  
  28  2:36  Stalker  
  32  2:38  Phoenix  
  32  2:53  Stalker  
  32  2:56  Shield Battery  
  34  3:02  Phoenix  
  34  3:06  Pylon  
  36  3:26  Phoenix  
  38  3:42  Nexus  
  38  3:45  Probe  
  39  3:54  Phoenix  
  40  4:06  Shield Battery  
  40  4:08  Stalker  
  41  4:17  Stalker, Phoenix  
  45  4:33  Pylon  
Show
View Real Time Build Order
Export as new Build Order

ArT Protoss - Winner!

Build Orders: Blink Stalkers 

Get SALT Encoding   

  12  0:00  Probe  
  13  0:13  Probe  
  14  0:18  Pylon  
  14  0:24  Probe  
  15  0:32  Probe  
  15  0:37  Gateway  
  15  0:41  Probe  
  16  0:46  Assimilator  
  17  0:51  Probe  
  17  0:55  Assimilator  
  18  0:59  Probe  
  19  1:07  Probe  
  19  1:08  Gateway  
  19  1:18  Probe  
  20  1:25  Cybernetics Core  
  21  1:30  Probe  
  22  1:36  Pylon  
  22  1:42  Probe  
  23  2:01  Stalker x2  
  23  2:02  Warp Gate  
  27  2:10  Twilight Council  
  27  2:22  Probe  
  28  2:23  Blink  
  28  2:24  Pylon  
  28  2:31  Stalker  
  30  2:56  Stalker  
  32  3:02  Gateway  
  32  3:11  Stalker  
  34  3:20  Pylon  
  34  3:22  Probe  
  35  3:40  Shield Battery  
  36  3:43  Gateway  
  35  3:55  Stalker x2  
  37  3:58  Stalker  
  39  4:07  Probe  
  40  4:18  Stalker x2  
  40  4:21  Pylon  
  44  4:28  Stalker  
  46  4:39  Stalker  
Tags
 
Add a new tag
Caveats
  • Supply blocks, unpowered buildings, or Contaminate may cause inaccurate times.
  • Supply counts are checked every 10 seconds.